 Dungeon Crawl Stone Soup version 0.23.1 (webtiles) character file.

Game seed: 11236332859022710494

2912 Irenicus the Geomancer (level 9, -5/68 HPs)
             Began as a Deep Dwarf Earth Elementalist on Mar 6, 2019.
             Was a Believer of Makhleb.
             Slain by a hornet (10 damage)
             ... while paralysed by a hornet
             ... on level 8 of the Dungeon.
             The game lasted 00:32:03 (3962 turns).

Irenicus the Geomancer (DDEE)                       Turns: 3962, Time: 00:32:04

Health: -5/68      AC:  7    Str: 12    XL:     9   Next: 49%
Magic:  23/27 (18) EV:  2    Int: 22    God:    Makhleb [**....]
Gold:   103        SH:  0    Dex: 13    Spells: 7/22 levels left

rFire    . . .     SeeInvis .   l - +1 dagger (elec)
rCold    . . .     Gourm    .   (no shield)
rNeg     . . .     Faith    .   p - +0 leather armour
rPois    .         Spirit   .   e - +0 helmet
rElec    .         Reflect  .   A - +0 cloak
rCorr    .         Harm     .   (no gloves)
MR       +....                  C - +1 pair of boots
Stlth    +++.......             (no amulet)
HPRegen  0.00/turn              t - ring of magical power {MP+9}
MPRegen  0.20/turn              x - +3 ring of intelligence

@: paralysed, lethally poisoned (-5 -> -12), non-regenerating, slowed
A: damage resistance, heal wounds, sense surroundings 2, no regeneration
a: Heal Wounds, Minor Destruction, Renounce Religion


You were on level 8 of the Dungeon.
You worshipped Makhleb.
Makhleb was pleased with you.
You were not hungry.

You visited 2 branches of the dungeon, and saw 9 of its levels.

You collected 303 gold pieces.
You spent 200 gold pieces at shops.

Inventory:

Hand Weapons
 a - a +0 dagger of venom
   (You took it off a goblin on level 2 of the Dungeon)
 j - a +4 short sword
   (You took it off a kobold on level 2 of the Dungeon)
 l - a +1 dagger of electrocution (weapon)
   (You found it on level 2 of the Dungeon)
 s - the +0 hunting sling of Gloom {freeze, rN+ Str+3}
   (You found it on level 5 of the Dungeon)

   It causes projectiles fired from it to freeze those they strike, causing
   extra injury to most foes and up to half again as much damage against
   particularly susceptible opponents.
   They can also slow down cold-blooded creatures.
   It affects your strength (+3).
   It protects you from negative energy.
 v - a +1 dagger of flaming
   (You took it off an orc on level 6 of the Dungeon)
Missiles
 b - 112 stones (quivered)
Armour
 e - a +0 helmet (worn)
   (You found it on level 2 of the Dungeon)
 p - a +0 leather armour (worn)
   (You took it off an orc on level 3 of the Dungeon)
 A - a +0 cloak (worn)
   (You found it on level 5 of the Dungeon)
 C - a +1 pair of boots (worn)
   (You found it on level 7 of the Dungeon)
Jewellery
 r - an uncursed ring of ice {rC+, rF-}
   (You found it on level 5 of the Dungeon)
 t - a ring of magical power (left hand) {MP+9}
   (You bought it in a shop on level 5 of the Dungeon)
 x - a +3 ring of intelligence (right hand)
   (You found it on level 5 of the Dungeon)
Wands
 o - a wand of clouds (3)
   (You took it off Ijyb on level 4 of the Dungeon)
 w - a wand of iceblast (10)
   (You found it on level 5 of the Dungeon)
 z - a wand of digging (8)
   (You found it on level 7 of the Dungeon)
Scrolls
 h - 4 scrolls of amnesia
 i - 3 scrolls of identify
 k - 2 scrolls of remove curse
 n - a scroll of teleportation
 y - a scroll of immolation {unknown}
 B - a scroll of vulnerability {unknown}
 D - a scroll of fog {unknown}
Potions
 c - a potion of flight
 f - a potion of brilliance
 g - a potion of curing
 m - a potion of haste
 q - a potion of berserk rage {!q}
Comestibles
 d - 20 rations


   Skills:
 - Level 2.1 Dodging
 - Level 4.7 Stealth
 * Level 7.1 Spellcasting
 - Level 0.8 Transmutations
 + Level 13.0 Earth Magic


You had 7 spell levels left.
You knew the following spells:

 Your Spells              Type           Power        Failure   Level  Hunger
a - Sandblast             Erth           ######       1%          1    None
c - Petrify               Tmut/Erth      #####...     6%          4    ###....
w - Passwall              Tmut/Erth      #####...     1%          2    None
x - Stone Arrow           Conj/Erth      #####.       2%          3    None
z - Lee's Rapid Deconstr  Erth           ######....   1%          5    #####..

Your spell library contained the following spells:

 Spells                   Type           Power        Failure   Level  Hunger
 Confusing Touch          Hex            #.....       11%         1    None
 Confuse                  Hex            #.......     30%         3    None
 Gell's Gravitas          Tloc           #.........   30%         3    None
 Yara's Violent Unravell  Hex/Tmut       #.........   94%         5    #####..
 Metabolic Englaciation   Hex/Ice        #.........   96%         5    #####..


Dungeon Overview and Level Annotations

Branches:
Dungeon (8/15)             Temple (1/1) D:6
   Lair: D:8-11

Altars:
Cheibriados
Fedhas
Gozag
Hepliaklqana
Kikubaaqudgha
Makhleb
Nemelex Xobeh
Okawaru
Qazlal
Ru
Trog
Uskayaw
Wu Jian
Yredelemnul
Zin
The Shining One

Shops:
D:5 =


Innate Abilities, Weirdness & Mutations

You are resistant to damage.
You can heal yourself by infusing magical energy.
You passively map the area around you.
You do not regenerate.


Message History

You feel better.
b - 117 stones You now have 10/27 mp.
Things that are here:
a +0 falchion; a +0 leather armour
Items here: ( ))))) [[[ ††
Things that are here:
a +0 short sword; a +0 leather armour; an orc corpse
Items here: ))) [[ ††
Things that are here:
a +0 whip; a +0 leather armour; a gnoll corpse
Things that are here:
a +0 whip; a +0 leather armour; a gnoll corpse You butcher the gnoll corpse.
Items here: % ) [ ÷ a +0 whip; a +0 leather armour; 4 chunks of flesh {@w0}; a gnoll skeleton Eating one of 4 chunks of flesh {@w0}.
You eat one of the 4 chunks of flesh {@w0}.
You are feeling hungry.
Eating one of 3 chunks of flesh {@w0}.
You eat one of the 3 chunks of flesh {@w0}.
d - 19 rations (gained 1)
Found a stone staircase leading up.
A rock wall.
You begin to meditate on the wall.
You continue meditating on the rock. x2
You finish merging with the rock.
You now have 23/27 mp.
d - 20 rations (gained 1) MP restored: 27 A sky beast comes into view.
The helpless sky beast fails to defend itself.
You puncture the sky beast! The sky beast completely misses you.
Aim: a sky beast (heavily wounded)
The blast of sand hits the sky beast but does no damage.
b - 116 stones The sky beast hits you but does no damage.
You now have 26/27 mp.
Aim: a sky beast (heavily wounded)
The blast of sand hits the sky beast!!
You kill the sky beast!
Makhleb accepts your kill.
Your Spellcasting skill increases to level 7!
Your Earth Magic skill increases to level 13!
b - 115 stones You now have 25/27 mp.
You can't see any susceptible monsters within range! (Use Z to cast anyway.)
You see here a sky beast corpse.
MP restored: 27
Okay, then.
Memorise Petrify, consuming 4 spell levels and leaving 10?
You start memorising the spell.
You continue memorising. x4
You finish memorising.
Spell assigned to 'c'.
Memorise Stone Arrow, consuming 3 spell levels and leaving 7?
You start memorising the spell.
You continue memorising. x3
You finish memorising.
Spell assigned to 'x'.
Please select a wall.
Okay, then.
A rock wall.
You begin to meditate on the wall.
You continue meditating on the rock. x2
You finish merging with the rock.
A worker ant and a hornet come into view.
You now have 25/27 mp.
Aim: a hornet The blast of sand hits the hornet but does no damage.
b - 114 stones The hornet stings you.
You are poisoned.
You feel yourself slow down.
You now have 24/27 mp.
Aim: a hornet The blast of sand hits the hornet.
b - 113 stones The hornet stings you.
You feel as though you will be slow longer.
The hornet stings you.
You feel as though you will be slow longer.
You take 3 damage, and have 26/68 hp.
Aim: a hornet (lightly wounded)
The blast of sand misses the hornet.
The blast of sand hits the worker ant!!
You kill the worker ant!
Makhleb accepts your kill.
You feel better.
b - 112 stones The hornet stings you!
You are more poisoned.
You suddenly lose the ability to move!
A soldier ant comes into view.
The hornet stings you!
* * * LOW HITPOINT WARNING * * *
You shrug off the repeated paralysis!
The hornet stings you!
* * * LOW HITPOINT WARNING * * *
You feel as though you will be slow longer.
The hornet stings you.
* * * LOW HITPOINT WARNING * * *
You are lethally poisoned!
You feel as though you will be slow longer.
* * * LOW HITPOINT WARNING * * *
You feel very sick. The hornet stings you!
You die...

#)#
#...........#...<.....#.###
#.#
#......(.........####......
###.#
#................####.#####
....####............[.......#
....##...#.......#.###.######
....##.#...........# #..#
.................### #..#
....##...##....###* *####
....##[..##.####@#. #.#
....<....##.# +#y#.##.##
.........##.#, ,#a#....#
....##...##.# #.##..#
....#######.## ####..# ....#
#..# ##.# ##### ##.# #.# #.#
#.# #.# #.#


You could see a soldier ant and a hornet.

Vanquished Creatures
  A hippogriff (D:7)
  Sigmund (D:3)
  An orc warrior (D:8)
  A sky beast (D:8)
  A black bear (D:8)
  An ogre (D:7)
  2 phantoms
  2 centaurs
  A bullfrog (D:7)
  4 killer bees (D:7)
  4 wights (D:8)
  3 howler monkeys (D:8)
  A crimson imp (D:5)
  A centaur skeleton (D:4)
  A centaur zombie (D:8)
  4 hounds
  2 jellies
  9 orc wizards
  5 orc priests
  6 iguanas
  Ijyb (D:4)
  7 worker ants
  2 worker ant zombies
  Robin (D:3)
  3 gnolls (D:8)
  A river rat (D:4)
  8 adders
  3 oozes
  2 adder zombies
  2 worms (D:3)
  A dart slug (D:3)
  6 leopard geckos
  35 orcs
  4 ball pythons
  7 giant cockroaches
  21 goblins
  8 hobgoblins
  11 jackals
  6 kobolds
  3 quokkas
  10 bats
  7 frilled lizards
  2 jackal skeletons (D:8)
  A jackal zombie (D:5)
  A quokka skeleton (D:4)
  6 rats
210 creatures vanquished.

Notes
Turn   | Place    | Note
-------+----------+-------------------------------------------
     0 | D:1      | Irenicus the Deep Dwarf Earth Elementalist began the quest
                  | for the Orb.
     0 | D:1      | Reached XP level 1. HP: 15/15 MP: 3/3
   191 | D:1      | Reached XP level 2. HP: 22/22 MP: 4/4
   195 | D:1      | Learned a level 2 spell: Passwall
   236 | D:1      | Reached skill level 5 in Earth Magic
   437 | D:2      | Reached XP level 3. HP: 19/28 MP: 1/5
   493 | D:2      | Reached skill level 2 in Spellcasting
   580 | D:2      | HP: 6/28 [jackal (2)]
   590 | D:2      | HP: 5/42 [jackal (1)]
   683 | D:2      | Found a sparkling altar of Nemelex Xobeh.
   781 | D:2      | Reached skill level 6 in Earth Magic
   887 | D:3      | Reached XP level 4. HP: 36/36 MP: 4/7
   918 | D:3      | Noticed Robin
   944 | D:3      | Killed Robin
  1073 | D:3      | Noticed Sigmund
  1088 | D:3      | HP: 7/36 [Sigmund/+0 scythe (11)]
  1124 | D:3      | HP: 6/36 [something/magic dart (6)]
  1126 | D:3      | Killed Sigmund
  1126 | D:3      | Reached skill level 4 in Stealth
  1126 | D:3      | Reached skill level 7 in Earth Magic
  1126 | D:3      | Reached XP level 5. HP: 36/42 MP: 0/7
  1145 | D:3      | Reached XP level 6. HP: 42/49 MP: 0/8
  1171 | D:3      | Reached skill level 8 in Earth Magic
  1474 | D:4      | Noticed Ijyb
  1677 | D:4      | Reached skill level 9 in Earth Magic
  1759 | D:4      | Killed Ijyb
  1759 | D:4      | Reached XP level 7. HP: 35/55 MP: 0/9
  1956 | D:4      | Found a glowing drain.
  2098 | D:5      | Entered Level 5 of the Dungeon
  2176 | D:5      | Got a shimmering hunting sling
  2199 | D:5      | Found Nurex's Jewellery Shop.
  2207 | D:5      | Bought an uncursed ring of magical power for 200 gold
                  | pieces
  2230 | D:5      | Reached skill level 10 in Earth Magic
  2386 | D:5      | Learned a level 5 spell: Lee's Rapid Deconstruction
  2452 | D:5      | Reached skill level 11 in Earth Magic
  2662 | D:6      | Found a staircase to the Ecumenical Temple.
  2674 | Temple   | Entered the Ecumenical Temple
  2707 | Temple   | Became a worshipper of Makhleb the Destroyer
  2922 | D:6      | Identified the cursed +0 hunting sling of Gloom {freeze,
                  | rN+ Str+3} (You found it on level 5 of the Dungeon)
  3092 | D:7      | Reached skill level 3 in Spellcasting
  3092 | D:7      | Reached XP level 8. HP: 62/62 MP: 11/11
  3096 | D:7      | Noticed a hippogriff
  3098 | D:7      | Irenicus: ?? ring of magical power
  3098 | D:7      | beem: ring of magical power[1/1]: +9 max mp. Remember that
                  | mana regen is proportional to max mp, so if your max mana
                  | is 3, this ring quadruples the gains! If you would end up
                  | with over 50 mp, you get diminishing returns (in 0.16 or
                  | earlier).
  3103 | D:7      | Killed a hippogriff
  3114 | D:7      | Reached skill level 4 in Spellcasting
  3146 | D:7      | Reached * piety under Makhleb
  3182 | D:7      | Reached skill level 12 in Earth Magic
  3186 | D:7      | Reached skill level 5 in Spellcasting
  3508 | D:7      | Irenicus: ?? mana regen
  3508 | D:7      | beem: I don't have a page labeled mana_regen in my learndb.
  3508 | D:7      | Irenicus: ?? mana
  3508 | D:7      | beem: mp[1/3]: Cast spells with this. MP = min(23, XL) +
                  | skill + min(4, min(XL, skill) / 2), where skill =
                  | max(Spellcasting, Evo/2, Invo/2). Basically, MP = XL +
                  | skill, except that the last 4 XL's mp points effectively
                  | get distributed over the first 8 XL, but only if you have
                  | matching quantities of skill.
  3596 | D:8      | Gained mutation: You passively map the area around you.
                  | [Deep Dwarf growth]
  3596 | D:8      | Reached XP level 9. HP: 41/68 MP: 16/16
  3628 | D:8      | Irenicus: ?? mp [2
  3628 | D:8      | beem: mp[2/3]: Mp aptitude gives a flat +aptitude mp to
                  | your base mp -- e.g. +1 aptitude = +1 total mp. +Mp
                  | mutations and racial mutations are added after XL and skill
                  | are calculated. +mp items are added last.
  3628 | D:8      | Irenicus: ?? mp [3
  3628 | D:8      | beem: mp[3/3]: You gain maxmp + 14 mp every 200 turns. Put
                  | another way, you gain 7/100ths of an mp plus 1/100th of an
                  | mp per 2 maxmp per turn. You reach 0.5 mp regenerated per
                  | turn at 86 maxmp.
  3656 | D:8      | Reached skill level 6 in Spellcasting
  3663 | D:8      | Reached ** piety under Makhleb
  3784 | D:8      | HP: 16/68 [gnoll/+0 spear (6)]
  3922 | D:8      | Reached skill level 7 in Spellcasting
  3922 | D:8      | Reached skill level 13 in Earth Magic
  3942 | D:8      | Learned a level 4 spell: Petrify
  3946 | D:8      | Learned a level 3 spell: Stone Arrow
  3960 | D:8      | Paralysed by a hornet for 3 turns
  3960 | D:8      | HP: 15/68 [hornet (7)]
  3962 | D:8      | HP: 5/68 [poisoned by a hornet]
  3962 | D:8      | Slain by a hornet

Skill      XL: |  1  2  3  4  5  6  7  8  9 |
---------------+----------------------------+-----
Earth Magic    | 5 6 7 9 11 12 13 | 13.0
Spellcasting   | 2 3 5 7 |  7.1
Stealth        | 4 |  4.7
Dodging        | |  2.1
Transmutations | |  0.8

Action                   |  1- 3 |  4- 6 |  7- 9 || total
-------------------------+-------+-------+-------++-------
Melee: Club              |    40 |       |       ||    40
       Short sword       |     3 |       |       ||     3
       Dagger            |     1 |    89 |    43 ||   133
 Cast: Sandblast         |    41 |    54 |   154 ||   249
       Passwall          |     2 |    12 |    25 ||    39
       Lee's Rapid Decon |       |       |     4 ||     4
 Abil: Heal Wounds       |     1 |     2 |       ||     3
  Use: Potion            |     3 |     3 |     3 ||     9
       Scroll            |       |       |     6 ||     6
 Stab: Sleeping          |     4 |     5 |    15 ||    24
       Distracted        |       |     1 |       ||     1
  Eat: Chunk             |       |     5 |    10 ||    15
Armor: Robe              |    28 |       |       ||    28
       Leather armour    |       |    30 |    42 ||    72
Dodge: Dodged            |    55 |    61 |   126 ||   242

Levels and vault maps discovered:
D:1:      wander_arrival_estate, layout_loops_ring, minmay_misc_feat_diagonals,
          hangedman_glass_garden, nrook_mini_vaults
D:2:      layout_basic, nicolae_overflow_crystal_walls, minmay_crystal_water
D:3:      layout_basic, first_ration, minivault_14,
          chequers_serial_rivers_micro_b, uniq_robin, uniq_sigmund
D:4:      layout_basic, gup_sewer_entry_spiral, uniq_ijyb
D:5:      layout_basic, serial_shops, shop
D:6:      layout_loops_ring, minmay_temple_entry_large_hall
D:7:      layout_basic
D:8:      layout_rooms, hangedman_pestilent_swarm
Temple:   kilobyte_greek_temple

Table legend:
 A = Turns spent in this place as a percentage of turns spent in the entire game.
 B = Non-inter-level travel turns spent in this place as a percentage of non-inter-level travel turns spent in the entire game.
 C = Inter-level travel turns spent in this place as a percentage of turns spent in this place.
 D = Turns resting spent in this place as a percentage of non-inter-level travel turns spent in this place.
 E = Turns spent auto-exploring this place as a percentage of non-inter-level travel turns spent in this place.
 F = Non-inter-level travel turns spent in this place divided by the number of levels of this place that you've seen.
                   A       B       C       D       E      F
               +-------+-------+-------+-------+-------+----------------------
         Total | 100.0 | 100.0 |   0.0 |   0.0 |   0.0 | 440.2
       Dungeon |  98.3 |  98.3 |   0.0 |   0.0 |   0.0 | 486.9
        Temple |   1.7 |   1.7 |   0.0 |   0.0 |   0.0 |  67.0
               +-------+-------+-------+-------+-------+----------------------

Table legend:
 A = Kills in this place as a percentage of kills in entire the game.
 B = Kills by you in this place as a percentage of kills by you in the entire game.
 C = Kills by friends in this place as a percentage of kills by friends in the entire game.
 D = Other kills in this place as a percentage of other kills in the entire game.
 E = Experience gained in this place as a percentage of experience gained in the entire game.
 F = Experience gained in this place divided by the number of levels of this place that you have seen.
                   A       B       C       D       E      F
               +-------+-------+-------+-------+-------+----------------------
         Total | 100.0 | 100.0 |   N/A |   N/A | 100.0 | 462.2
       Dungeon | 100.0 | 100.0 |   N/A |   N/A | 100.0 | 520.0
               +-------+-------+-------+-------+-------+----------------------
